putin, chaotic female orcish Barbarian ------------- ------- |.......|...| |.....|) .-------...........| |--...-|- ..................-|- --)......| .....<............|. |.......-- ....[.%[.)........|. |.-..---- ....%%%..........--| --.)-- ....%..^%.......---.----------..-- ...%...*.)..---....%...........-- --........--- ------------...--| ---------- ---...-- ----- --...---...-- ---........| |.......-- |--.)---- ------...-- .......@Y.| ----------- putin the Bandit Experience level: 8 Strength: 18/01 Dexterity: 17 Constitution: 18 Intelligence: 8 Wisdom: 7 Charisma: 7 Health: 0(87) Energy: 9(9) Def: 12 Gold: 0 Moves: 2631 Dungeon seed: a3dVp-BdgrUGzMmc Game ID: putin_1535045558 Your Inventory: Weapons a - a +0 two-handed sword b - a +0 axe (weapon in hand) w - a +0 elven dagger E - 4 +0 daggers M - a blessed +1 elven dagger Z - 16 +0 darts (in quiver) Armor s - an uncursed +0 pair of leather gloves D - an uncursed +0 dwarvish iron helm (being worn) N - a blessed +0 dwarvish cloak (being worn) O - an uncursed +0 dwarvish roundshield (being worn) P - an uncursed +1 elven mithril-coat (being worn) Y - an uncursed +0 pair of iron shoes (being worn) Comestibles c - an uncursed food ration d - an uncursed lembas wafer f - an uncursed egg j - an uncursed lembas wafer A - an uncursed cream pie Scrolls g - an uncursed scroll of gold detection h - 2 uncursed scrolls of identify i - a cursed scroll of identify k - a cursed scroll of taming l - an uncursed scroll of scare monster u - a blessed scroll of charging z - an uncursed scroll of remove curse T - an uncursed scroll of enchant weapon Wands r - a wand of striking (0:2) B - a wand of magic missile (0:4) F - a wand of probing (0:7) G - a wand of digging (0:3) V - a wand of magic missile (0:6) Tools o - an uncursed blindfold C - an uncursed skeleton key H - an uncursed sack I - 6 blessed tallow candles (0:200) K - 11 cursed tallow candles (0:200) R - an uncursed lock pick S - an uncursed oil lamp (lit) (0:872) X - 11 uncursed tallow candles (0:200) Gems e - an uncursed worthless piece of black glass m - 2 uncursed worthless pieces of red glass n - 4 uncursed worthless pieces of white glass p - 2 uncursed diamonds q - 8 uncursed worthless pieces of orange glass t - an uncursed ruby v - 2 uncursed dilithium crystals x - 2 uncursed agate stones y - an uncursed emerald L - 2 uncursed worthless pieces of yellowish brown glass Q - 2 uncursed worthless pieces of yellow glass U - an uncursed turquoise stone W - 4 uncursed worthless pieces of violet glass Contents of the sack: 398 gold pieces an uncursed spellbook of detect monsters an uncursed spellbook of force bolt an uncursed spellbook of protection an uncursed figurine of a water nymph 30 uncursed wax candles (0:400) Spells and supernatural/magical abilities: Name Level Category Fail Memory a - force bolt 1 attack 100% 91% n - detect monsters 1 divination 100% 94% p - protection 1 clerical 100% 95% W - pray for help -- divine ? -- Your skills at the end: Fighting Skills bare handed combat [Basic] Weapon Skills axe [Basic] two-handed sword [Skilled] Spellcasting Skills Final Attributes: You were piously aligned. You were poison resistant. You had wounded legs. You had infravision. You were held by an owlbear. You were fast. You are dead. Vanquished creatures: a lurker above a baby long worm a hell hound pup a small mimic a shocking sphere a tengu a lynx 2 black lights 3 gnome kings 2 dwarf lords an ape a Mordor orc a fog cloud 7 gnome lords 3 gnomish wizards a ghoul 16 dwarves 4 rothes an iguana a coyote 5 hobbits a large kobold a giant rat a yellow mold 48 gnomes 4 garter snakes 2 geckos 5 jackals a goblin 2 sewer rats 2 grid bugs 4 lichens 3 newts 129 creatures vanquished. Voluntary challenges: You followed a strict vegan diet. You used a wielded weapon 135 times, starting on turn 19. You read items or engraved 11 times, starting on turn 137. You never genocided any monsters. You never polymorphed an object. You changed form 1 time, starting on turn 2331. You used no wishes. You never split a pudding. You never wrote Elbereth's name. You never violated your personal moral code. Dungeon overview: The Dungeons of Doom: levels 1 to 3 Level 1 a long staircase Level 2 a general store, an altar to Set, a fountain Level 3 a fountain stairs to The Gnomish Mines The Gnomish Mines: levels 4 to 11 Level 4 stairs to The Dungeons of Doom Level 5 Level 6 Level 7 Level 8 Level 9 Level 10 Level 11 <- You were here History has recorded: On T:1 you entered the Dungeons of Doom to retrieve the Amulet of Yendor! On T:117 you reached level 2 of The Dungeons of Doom. On T:164 you reached level 3 of The Dungeons of Doom. On T:381 you advanced to experience level 2. On T:579 you advanced to experience level 3. On T:870 you reached level 1 of The Gnomish Mines. On T:956 you advanced to experience level 4. On T:1073 you reached level 2 of The Gnomish Mines. On T:1098 you advanced to experience level 5. On T:1489 you reached level 3 of The Gnomish Mines. On T:1565 you advanced to experience level 6. On T:1608 you reached level 4 of The Gnomish Mines. On T:1677 you reached level 5 of The Gnomish Mines. On T:1952 you reached level 6 of The Gnomish Mines. On T:1967 you advanced to experience level 7. On T:2136 you reached level 7 of The Gnomish Mines. On T:2217 you reached level 8 of The Gnomish Mines. On T:2299 you advanced to experience level 8. Score breakdown: Gold: 398 ( 8847 points) Experience: 8 levels (14739 points) Exploration: 11 levels ( 22.00%) (13552 points) Discoveries: 14 items ( 5.69%) ( 7156 points) Valuables value: (no points given unless you survive) Artifact value: 0 ( 0 points) Variety of kills: 33 monsters ( 8.66%) ( 8829 points) Turncount: 2631 turns ( -406 points) Survival: died (score multiplied by 80%) Total score: 42173 Latest messages: The dart misses the shocking sphere. Your movements are only slowed slightly by your load. The shocking sphere explodes! You duck some of the blast. Your legs are in no shape for kicking. You see here a dart. Z - a dart (in quiver). You rebalance your load. Movement is difficult. The owlbear hits! (2x) The owlbear grabs you! You smite the owlbear. The owlbear misses. The owlbear hits! You are being crushed. The owlbear hits! (2x) You are being crushed. You cannot escape from the owlbear! The owlbear hits! (2x) You are being crushed. The owlbear hits! (2x) You are being crushed. You die... Final status: Goodbye putin the Barbarian, killed by an owlbear... You died in The Gnomish Mines on dungeon level 11 with 42173 points, and 398 pieces of gold, after 2631 moves. You were level 8 with a maximum of 87 hit points when you died.